 Dungeon Crawl Stone Soup version 0.18-a0-1639-g7533f42 (webtiles) character file.

1688 dohliylev the Covert (level 8, -1/55 HPs)
             Began as a Vampire Enchanter on Mar 27, 2016.
             Shot with an arrow of frost by a centaur (2 damage)
             ... on level 8 of the Dungeon.
             The game lasted 00:53:05 (6658 turns).

dohliylev the Covert (Vampire Enchanter)            Turns: 6658, Time: 00:53:05

Health: -1/55      AC:  5    Str:  7    XL:     8   Next: 71%
Magic:  5/13       EV: 14    Int: 17    God:
Gold:   305        SH:  0    Dex: 17    Spells: 4 memorised, 5 levels left

rFire  . . .     SeeInvis +     w - -1 dagger (curse)
rCold  . . .     Gourm    .     b - +2 robe
rNeg   + . .     Faith    .     (no shield)
rPois  +         Spirit   .     (no helmet)
rElec  .         Dismiss  .     i - +0 cloak
rCorr  .         Reflect  .     (no gloves)
SustAt .         Harm     .     (no boots)
MR     .....                    (no amulet)
Stlth  ++++++....               (no ring)
                                k - ring of poison resistance

@: not resistant to hostile enchantments, very stealthy
A: fangs 3, see invisible, unbreathing
a: Bat Form


You were on level 8 of the Dungeon.
You were not thirsty.

You visited 2 branches of the dungeon, and saw 9 of its levels.

You collected 305 gold pieces.

Inventory:

Hand Weapons
 a - a +2 dagger of speed
 s - a +0 dagger
 w - a cursed -1 dagger (weapon)
 y - a +2 dagger of speed
Missiles
 q - 22 poisoned needles
 r - 4 needles of confusion
Armour
 b - a +2 robe (worn)
 i - a +0 cloak (worn)
Jewellery
 k - a ring of poison resistance (left hand)
Wands
 x - a wand of iceblast (4/15)
 z - a wand of iceblast (7/15)
Scrolls
 f - 2 scrolls of amnesia {unknown}
 g - 4 scrolls of teleportation
 h - 4 scrolls of identify {unknown}
 l - 2 scrolls of remove curse {unknown}
 p - a scroll of enchant armour
 t - a scroll of blinking {unknown}
 v - a scroll of random uselessness {unknown}
Potions
 d - 8 potions of blood
 e - 2 potions of curing {unknown}
 j - 2 potions of lignification {unknown}
 m - a potion of flight {unknown}
 n - a potion of mutation {unknown}
 o - a potion of berserk rage {unknown}
 u - 2 potions of ambrosia {unknown}
Books
 c - a book of Maledictions

   Spells                             Type                      Level
   a - Corona                         Hexes                        1
   b - Ensorcelled Hibernation        Hexes/Ice                    2
   c - Confuse                        Hexes                        3
   d - Tukima's Dance                 Hexes                        3
   e - Dazzling Spray                 Conjuration/Hexes            3


   Skills:
 + Level 1.7 Fighting
 + Level 1.8 Short Blades
 + Level 3.7 Dodging
 + Level 12.9 Stealth
 + Level 3.8 Spellcasting
 + Level 0.4 Conjurations
 + Level 7.1 Hexes
 + Level 3.1 Ice Magic


You had 5 spell levels left.
You knew the following spells:

 Your Spells              Type           Power        Failure   Level  Hunger
a - Corona                Hex            ####...      1%          1    None
b - Ensorcelled Hibernat  Hex/Ice        ###...       2%          2    ##.....
c - Dazzling Spray        Conj/Hex       ###.....     12%         3    ###....
d - Tukima's Dance        Hex            ####....     2%          3    ###....


Dungeon Overview and Level Annotations

Branches:
Dungeon (8/15)             Temple (1/1) D:4
   Lair: D:8-11

Altars:
Gozag
Nemelex Xobeh
Pakellas
Qazlal
Trog
Xom
Yredelemnul
Zin
The Shining One


Innate Abilities, Weirdness & Mutations

You have razor-sharp teeth.
You have supernaturally acute eyesight.
You can survive without breathing.


Message History

The arrow of frost freezes you.
An orc comes into view.
You see here an arrow of frost.
The orc shouts!
The centaur shoots an arrow of frost.
The arrow of frost misses you.
The orc wizard hits you but does no damage.
The centaur shoots an arrow of frost.
The arrow of frost hits you!
* * * LOW HITPOINT WARNING * * *
The arrow of frost freezes you.
* * * LOW HITPOINT WARNING * * *
You see here 2 arrows of frost.
The orc misses you.
The centaur shoots an arrow of frost.
The arrow of frost misses you.
The orc wizard gestures at you while chanting.
You easily resist.
You feel less confused.
The centaur shoots an arrow of frost.
The arrow of frost hits you!
* * * LOW HITPOINT WARNING * * *
The arrow of frost freezes you.
You die...

#..## #..... ##....#
####.....# # ##........ #
#......# ## ### #......#
Z#####.####......## #
zo.....##.....c(@.###....
.###............(........
## ##....##....o..(####..
# #.#####.....o..#
#####.# #......o##
......# ....###.o#
....... ....## ##..
....... ....# #..# ####..
##. ....


You could see a centaur, an orc wizard and 3 orcs.

Vanquished Creatures
  Sigmund (D:2)
  Eustachio (D:5)
  Edmund (D:5)
  A water moccasin (D:8)
  2 orc warriors (D:5)
  A phantom (D:4)
  An ogre (D:5)
  A centaur (D:5)
  A giant frog (D:8)
  A scorpion (D:8)
  A howler monkey (D:5)
  3 crimson imps (D:5)
  2 quasits (D:5)
  A hound (D:5)
  A giant frog skeleton (D:5)
  2 orc wizards
  An iguana (D:5)
  3 worker ants
  3 gnolls (D:3)
  9 adders
  An adder zombie (D:5)
  A worm (D:2)
  A dart slug (D:2)
  4 giant geckos
  13 orcs
  6 bats
  2 giant cockroaches
  12 goblins
  6 hobgoblins
  10 jackals
  2 quokkas
  6 giant newts
  8 kobolds
  8 rats
117 creatures vanquished.

Vanquished Creatures (others)
  A deep elf knight (D:2)
1 creature vanquished.

Grand Total: 118 creatures vanquished

Notes
Turn   | Place    | Note
--------------------------------------------------------------
     0 | D:1      | dohliylev the Vampire Enchanter began the quest for the Orb.
     0 | D:1      | Reached XP level 1. HP: 13/13 MP: 3/3
    73 | D:3      | Reached skill level 5 in Stealth
    73 | D:3      | Reached XP level 2. HP: 19/19 MP: 5/5
   210 | D:3      | Reached skill level 6 in Stealth
   240 | D:2      | Learned a level 2 spell: Ensorcelled Hibernation
   252 | D:2      | Reached XP level 3. HP: 15/24 MP: 3/6
   388 | D:2      | Found an oddly glowing altar of Pakellas.
   389 | D:2      | Noticed a deep elf knight
   398 | D:2      | Killed a deep elf knight
  1480 | D:1      | Reached skill level 7 in Stealth
  2023 | D:2      | Noticed Sigmund
  2064 | D:2      | Killed Sigmund
  2064 | D:2      | Reached skill level 9 in Stealth
  2064 | D:2      | Reached skill level 1 in Ice Magic
  2064 | D:2      | Reached XP level 4. HP: 27/31 MP: 0/7
  2064 | D:2      | Reached XP level 5. HP: 31/36 MP: 0/8
  2721 | D:2      | Reached XP level 6. HP: 42/42 MP: 4/9
  2847 | D:3      | Reached skill level 10 in Stealth
  3174 | D:3      | Found a basalt altar of Yredelemnul.
  3633 | D:4      | Found a staircase to the Ecumenical Temple.
  3668 | Temple   | Entered the Ecumenical Temple
  3751 | D:4      | Reached skill level 1 in Fighting
  4054 | D:5      | Entered Level 5 of the Dungeon
  4082 | D:5      | Noticed an orc warrior
  4086 | D:5      | Noticed an orc warrior
  4114 | D:5      | Reached skill level 11 in Stealth
  4114 | D:5      | Reached skill level 5 in Hexes
  4114 | D:5      | Reached XP level 7. HP: 48/48 MP: 7/10
  4376 | D:5      | Noticed an angel
  4377 | D:5      | Found a glowing silver altar of Zin.
  4396 | D:5      | Found a glowing golden altar of the Shining One.
  4398 | D:5      | Found a stormy altar of Qazlal.
  4504 | D:5      | Noticed Eustachio
  4509 | D:5      | Killed Eustachio
  4536 | D:5      | Reached skill level 12 in Stealth
  4609 | D:5      | Learned a level 3 spell: Dazzling Spray
  4613 | D:5      | Learned a level 3 spell: Tukima's Dance
  4657 | D:5      | Reached XP level 8. HP: 51/54 MP: 3/12
  4805 | D:5      | Noticed Edmund
  4823 | D:5      | Killed Edmund
  6658 | D:8      | HP: 1/55 [centaur/arrow of frost (8)]
  6658 | D:8      | Shot with an arrow of frost by a centaur

Vault maps used:
D:1:      dpeg_arrival_pits, minmay_crystal_water
D:2:      gammafunk_pakellas_spire_experiment, uniq_sigmund
D:3:      yredelemnul_altar_generic, grunt_ministairs_11
D:4:      minmay_temple_entry_statues_fountains, first_bread,
          serial_bayou_lagoon_a
D:5:      zin_angel, nicolae_overflow_hidden_temple, sword_in_stone,
          uniq_edmund, uniq_eustachio
D:6:      lemuel_doored_altar
D:7:      cheibriados_altar_1, grunt_temple_overflow_cloverleaf,
          grunt_livestock, st_stairs_10
D:8:      lair_0_dummy
Temple:   nicolae_temple_hex_pool_5

Skill      XL: |  1  2  3  4  5  6  7  8 |
---------------+-------------------------+-----
Stealth        | 5 6 9 11 12 | 12.9
Ice Magic      | 1 2 3 |  3.1
Fighting       | 1 |  1.7
Hexes          | 5 7 |  7.1
Dodging        | 3 |  3.7
Spellcasting   | 3 |  3.8
Short Blades   | |  1.8
Conjurations   | |  0.4

Action                   |  1- 3 |  4- 6 |  7- 9 || total
-------------------------+-------+-------+-------++-------
Melee: Dagger            |    58 |   100 |   154 ||   312
 Cast: Ensorcelled Hiber |    11 |    24 |    42 ||    77
       Corona            |     2 |     1 |     5 ||     8
       Dazzling Spray    |       |       |    27 ||    27
 Abil: End Transformatio |       |       |     3 ||     3
       Bat Form          |       |       |     3 ||     3
  Use: Potion            |       |       |    10 ||    10
       Scroll            |       |       |     3 ||     3
 Stab: Sleeping          |    17 |    34 |    30 ||    81
       Invisible         |       |       |     3 ||     3
